 Dungeon Crawl Stone Soup version 0.29.0-13-gc9e81de378 (webtiles) character file.

Game seed: 12107453504395386276

5648 Arum the Fighter (level 11, 0/90 HPs)
             Began as a Formicid Fighter on Sept 9, 2022.
             Was a High Priest of Okawaru.
             Killed from afar by an electric eel (10 damage)
             ... with a bolt of electricity
             ... on level 8 of the Dungeon.
             The game lasted 00:13:57 (11673 turns).

Arum the Fighter (Formicid Fighter)                Turns: 11673, Time: 00:13:58

Health: 0/90       AC:  9    Str: 26    XL:     11   Next: 4%
Magic:  15/15      EV:  9    Int:  7    God:    Okawaru [*****.]
Gold:   363        SH:  5    Dex: 13    Spells: 10/10 levels left

rFire   + . .      SeeInvis +   a - +0 war axe
rCold   . . .      Faith    .   c - +0 buckler
rNeg    . . .      Spirit   .   b - +1 scale mail
rPois   .          Reflect  .   (helmet unavailable)
rElec   .          Harm     .   (no cloak)
rCorr   .          Rampage  .   (no gloves)
Will    +....                   (no boots)
Stlth   ..........              j - amulet of magic regeneration
HPRegen 0.25/turn               f - +4 ring of slaying
MPRegen 0.54/turn               w - ring of protection from fire

@: no status effects
A: permanent stasis, dig shafts and tunnels, antennae 3, four strong arms
a: Dig, Shaft Self, Renounce Religion, Heroism, Finesse, Duel


You were on level 8 of the Dungeon.
You worshipped Okawaru.
Okawaru was extremely pleased with you.
You visited 1 branch of the dungeon, and saw 8 of its levels.
You also visited: Ossuary.

You collected 632 gold pieces.
You spent 269 gold pieces at shops.

Inventory:

Hand Weapons
 a - a +0 war axe (weapon)
 n - a +0 hand axe
Missiles
 B - 3 throwing nets
Armour
 b - a +1 scale mail (worn)
 c - a +0 buckler (worn)
Jewellery
 f - a +4 ring of slaying (left hand)
 j - an amulet of magic regeneration (around neck)
 w - a ring of protection from fire (right hand)
 y - a +6 ring of dexterity
 H - an amulet of guardian spirit
Wands
 m - a wand of paralysis (7)
 o - a wand of flame (24)
 t - a wand of roots (1)
Scrolls
 g - 3 scrolls of poison
 i - a scroll of amnesia
 p - a scroll of immolation {unknown}
 s - 2 scrolls of torment
 u - a scroll of enchant weapon
 v - a scroll of enchant armour
 E - 2 scrolls of butterflies
 G - 3 scrolls of identify
Potions
 d - 2 potions of might
 e - 2 potions of brilliance
 h - 3 potions of attraction
 k - 2 potions of heal wounds
 l - a potion of magic {unknown}
 q - a potion of invisibility
 r - 4 potions of curing
 x - 2 potions of ambrosia {unknown}
 z - 3 potions of lignification
 A - a potion of cancellation
 C - 2 potions of flight
 D - 2 potions of mutation {unknown}
 F - a potion of berserk rage {unknown}


   Skills:
 + Level 9.9 Fighting
 + Level 8.7 Axes
 + Level 9.9 Armour
 - Level 5.0 Shields
 + Level 6.0 Invocations


You had 10 spell levels left.
You didn't know any spells.
Your spell library contained the following spells:

 Spells                   Type           Power      Damage    Failure   Level
 Ozocubu's Armour         Ice            0%         N/A       98%         3
 Corpse Rot               Necr/Pois/Air  0%         N/A       100%        4
 Dispel Undead            Necr           0%         3d6       100%        4
 Metabolic Englaciation   Hex/Ice        0%         N/A       100%        5
 Summon Small Mammal      Summ           Unusable   N/A       N/A         1
 Call Canine Familiar     Summ           Unusable   N/A       N/A         3
 Summon Guardian Golem    Hex/Summ       Unusable   N/A       N/A         3
 Death Channel            Necr           Unusable   N/A       N/A         6
 Simulacrum               Ice/Necr       Unusable   N/A       N/A         6

Dungeon Overview and Level Annotations

Branches:
Dungeon (8/15)             Temple (0/1) D:7         Ossuary (visited)
   Lair: D:8-11

Altars:
Cheibriados
Elyvilon
Fedhas
Kikubaaqudgha
Makhleb
Okawaru
Qazlal
Uskayaw
Vehumet
Zin
The Shining One

Shops:
D:3 *[(!   D:5 ***((   D:7 (*


Innate Abilities, Weirdness & Mutations

You cannot be hasted, slowed, berserked, paralysed or teleported.
You can dig through walls and to a lower floor.
You have a pair of large antennae on your head. (SInv)
Your four strong arms can wield two-handed weapons with a shield.


Message History

There is an open door here.
There is an open door here.
There is an open door here.
You open the door.
There is an open door here.
An electric eel comes into view.
An electric eel is nearby!
The electric eel shoots out a bolt of lightning at you!
The bolt of electricity hits you!
The electric eel shoots out a bolt of lightning at you!
The bolt of electricity hits you!
The electric eel shoots out a bolt of lightning at you!
The bolt of electricity hits you!
You hit the electric eel.
The electric eel is moderately wounded.
The electric eel shoots out a bolt of lightning at you!
The bolt of electricity misses you. The bolt of electricity hits you!
The bolt of electricity misses the electric eel.
You closely miss the electric eel.
The electric eel is moderately wounded.
The electric eel shoots out a bolt of lightning at you!
The bolt of electricity hits you. The bolt of electricity misses you.
The bolt of electricity hits the electric eel.
The electric eel completely resists.
You closely miss the electric eel.
The electric eel is moderately wounded.
You closely miss the electric eel.
The electric eel is moderately wounded.
The electric eel shoots out a bolt of lightning at you!
The bolt of electricity hits you! x2
* * * LOW HITPOINT WARNING * * *
The bolt of electricity hits the electric eel.
The electric eel completely resists.
You miss the electric eel.
The electric eel is moderately wounded.
The electric eel shoots out a bolt of lightning at you!
The bolt of electricity hits you!
* * * LOW HITPOINT WARNING * * *
The bolt of electricity hits you!
You die...

.....# #.#># ###..# .....#
###########.#.# ##.# .....#
#.........#.#.# ######..
.....# #.........#.#.##
#..#..#. .....#
#≈≈≈≈≈≈≈.≈≈≈≈≈≈≈##.....#.
...###
#≈#####≈.≈#####≈#...#....
...# #
#≈≈≈#≈.≈#≈≈≈#≈#...#....
...#
#≈_.)....._≈#≈....#....
...# #
#≈≈≈#≈@≈#≈≈≈#≈........#
...#
#≈#####S.≈#####≈........#
...#
#≈≈≈≈≈≈≈.≈≈≈≈≈≈≈....#..##
...#
###.###..#..^.........#
.#.#########.#
#..........######
##...........###.##...#####
##########..###..##.#...#
#.......###'###'###+###.#
#.####.##..#.......#..#.#


You could see an electric eel.

Vanquished Creatures
  A two-headed ogre (D:6)
  An unseen horror (D:6)
  A wraith (D:6)
  2 steam dragons
  A yak (D:6)
  Eustachio (D:6)
  An unseen horror simulacrum (D:8)
  Menkaure (D:6)
  A black bear (D:7)
  6 ice beasts
  A sky beast (D:7)
  4 centaurs
  2 wolves (D:8)
  3 phantoms
  Blork the orc (D:5)
  A kobold brigand (D:8)
  A bullfrog (D:6)
  2 gnoll sergeants (D:7)
  2 necrophages
  11 scorpions
  2 electric eels
  3 centaur zombies (Ossuary)
  An orc priest (D:3)
  4 hounds
  A human zombie (Ossuary)
  A jelly (D:4)
  2 gnoll boudas
  2 iguanas
  Jessica (D:3)
  3 scorpion zombies (Ossuary)
  Ijyb (D:3)
  4 orc wizards
  Natasha (thrice) (D:3)
  3 mummies (Ossuary)
  A killer bee simulacrum (D:8)
  Robin (D:2)
  26 gnolls
  3 adders
  3 shadow imps
  2 white imps
  A howler monkey simulacrum (D:8)
  3 ufetubi
  4 worms
  A dart slug (D:5)
  26 orcs
  8 ball pythons
  5 endoplasms
  A giant cockroach (D:2)
  17 goblins
  8 hobgoblins
  2 jackals (D:3)
  14 kobolds
  A quokka (D:2)
  A bat (D:1)
  2 frilled lizards (D:3)
  2 gnoll zombies (Ossuary)
  A goblin zombie (Ossuary)
  3 hobgoblin zombies (Ossuary)
  2 kobold zombies (Ossuary)
  4 orc zombies (Ossuary)
  9 rats
226 creatures vanquished.

Vanquished Creatures (others)
  9 plants (D:7)
9 creatures vanquished.

Grand Total: 235 creatures vanquished

Notes
Turn   | Place    | Note
-------+----------+-------------------------------------------
     0 | D:1      | Arum the Formicid Fighter began the quest for the Orb.
     0 | D:1      | Reached XP level 1. HP: 18/18 MP: 1/1
   111 | D:1      | Reached XP level 2. HP: 18/24 MP: 2/2
   834 | D:2      | Reached XP level 3. HP: 30/30 MP: 3/3
  1031 | D:2      | Noticed Robin
  1039 | D:2      | Reached XP level 4. HP: 26/37 MP: 4/4
  1050 | D:2      | Killed Robin
  1325 | D:2      | Reached XP level 5. HP: 21/42 MP: 5/5
  1565 | D:2      | Identified the +1 ring mail of Dramatic Exits {*Corrode rN+
                  | Int+8 Slay-3}
  2044 | D:3      | Found Waycw's Antique Weapon Boutique.
  2094 | D:3      | Reached skill level 5 in Shields
  2250 | D:3      | Noticed Natasha
  2262 | D:3      | Killed Natasha
  2263 | D:3      | Reached XP level 6. HP: 13/49 MP: 6/6
  2532 | D:3      | Found Osaxiej's Distillery.
  2538 | D:3      | Bought a potion of heal wounds for 55 gold pieces
  2538 | D:3      | Bought a potion of curing for 33 gold pieces
  2588 | D:3      | Noticed Ijyb
  2604 | D:3      | Killed Ijyb
  2733 | D:3      | Noticed Natasha
  2744 | D:3      | Killed Natasha
  2756 | D:3      | Noticed Natasha
  2764 | D:3      | Killed Natasha
  3036 | D:3      | Found Ririuc's General Store.
  3041 | D:3      | Bought a scroll of enchant weapon for 105 gold pieces
  3113 | D:3      | Noticed Jessica
  3120 | D:3      | Killed Jessica
  3121 | D:3      | Reached skill level 5 in Fighting
  3126 | D:3      | Reached skill level 5 in Armour
  3255 | D:3      | Found Poregut's Armour Emporium.
  3308 | D:3      | Found a snail-covered altar of Cheibriados.
  3756 | D:4      | Reached XP level 7. HP: 49/56 MP: 7/7
  3942 | D:4      | Found an iron altar of Okawaru.
  3951 | D:4      | Became a worshipper of Warmaster Okawaru
  4429 | D:4      | Found a burning altar of Makhleb.
  4633 | D:5      | Entered Level 5 of the Dungeon
  4787 | D:5      | Found Fem Pyotriz's Weapon Shoppe.
  4826 | D:5      | Found a sand-covered staircase.
  4840 | Ossuary  | Entered an ossuary
  5156 | Ossuary  | Reached XP level 8. HP: 62/64 MP: 8/8
  5156 | Ossuary  | Reached * piety under Okawaru
  5157 | Ossuary  | Reached skill level 5 in Axes
  5766 | Ossuary  | Reached XP level 9. HP: 62/72 MP: 9/9
  5925 | D:5      | Found Dateg's Weapon Shoppe.
  5940 | D:5      | Noticed Blork the orc
  5946 | D:5      | Killed Blork the orc
  5946 | D:5      | Reached ** piety under Okawaru
  6212 | D:5      | Found a stormy altar of Qazlal.
  6420 | D:5      | Found Aharua's Assorted Antiques.
  6568 | D:5      | Found Dimiz's General Store.
  6747 | D:5      | Found Woih's General Store.
  6752 | D:5      | Bought a scroll of butterflies for 48 gold pieces
  6932 | D:6      | Noticed Menkaure
  6940 | D:6      | Killed Menkaure
  7060 | D:6      | Noticed a two-headed ogre
  7070 | D:6      | Killed a two-headed ogre
  7070 | D:6      | Reached *** piety under Okawaru
  7253 | D:6      | Reached XP level 10. HP: 24/82 MP: 10/12
  7369 | D:6      | Reached **** piety under Okawaru
  7614 | D:5      | Bought a scroll of identify for 28 gold pieces
  7663 | D:6      | Found a hide-covered altar of Uskayaw.
  7700 | D:6      | Noticed Eustachio
  7715 | D:6      | Killed Eustachio
  7834 | D:6      | Found a blossoming altar of Fedhas.
  8072 | D:6      | Found a glowing silver altar of Zin.
  8201 | D:6      | Noticed an unseen horror
  8209 | D:6      | Killed an unseen horror
  8334 | D:7      | Found Hirurr's Antique Weapon Shoppe.
  8573 | D:7      | Reached skill level 5 in Invocations
  8897 | D:7      | Found a white marble altar of Elyvilon.
  9171 | D:7      | Found Fon Jieq's Fire Supplies.
  9347 | D:7      | Found a staircase to the Ecumenical Temple.
 10645 | D:8      | Reached ***** piety under Okawaru
 11030 | D:8      | Reached XP level 11. HP: 87/90 MP: 15/15
 11086 | D:8      | Found a glowing golden altar of the Shining One.
 11158 | D:8      | Found an ancient bone altar of Kikubaaqudgha.
 11158 | D:8      | Found a radiant altar of Vehumet.
 11673 | D:8      | Killed from afar by an electric eel

Illustrated notes

Levels and vault maps discovered:
D:1:      wander_arrival_estate, layout_loops_ring
D:2:      layout_basic, glass_columns_a, roderic_lattice_a, minivault_5,
          minmay_pentomino_z2, uniq_robin
D:3:      layout_basic, mainiacjoe_overflow_paths, serial_shops,
          nicolae_shop_statue_plus, nicolae_shop_window_shopping,
          nicolae_shop_crystal, shop_coins, minmay_misc_feat_square,
          uniq_natasha, uniq_ijyb, uniq_jessica
D:4:      minmay_skewed_foursquare, layout_basic, lightli_temple_of_fire,
          kennysheep_okawaru_gauntlet
D:5:      layout_loops_corners, lemuel_tele_altar, serial_shops,
          nicolae_take_the_stairs, nicolae_shop_window_shopping, shop,
          nicolae_shop_temple_entry_statues_fountains, nicolae_shop_crystal,
          enter_ossuary_3, kennysheep_boxes, uniq_blork_the_orc
D:6:      layout_cave_pools, mainiacjoe_overflow_chevrons, marbit_many_paths,
          mainiacjoe_overflow_cross_hatched, kb_rosetta, uniq_menkaure,
          uniq_eustachio
D:7:      layout_basic, nicolae_elyvilon_temple_path, temple_statues,
          serial_shops, nicolae_shop_waterfront, minmay_misc_feat_enclosed,
          st_stairs_1, nicolae_shop_fire_sale [nicolae_sub_dead_trees]
D:8:      layout_basic, nicolae_overflow_two_pavilions,
          mainiacjoe_overflow_24_doors, serial_ice, serial_ice_h, serial_ice_g,
          serial_ice_m, serial_ice_n, lightli_orcish_oven

Skill      XL: |  1  2  3  4  5  6  7  8  9 10 11 |
---------------+----------------------------------+-----
Fighting       | 4 5 6 7 8 9 |  9.9
Armour         | 4 5 6 7 8 9 |  9.9
Axes           | 3 4 6 7 8 |  8.7
Shields        | 5 |  5.0
Invocations    | 2 5 6 |  6.0

Action                   |  1- 3 |  4- 6 |  7- 9 | 10-12 || total
-------------------------+-------+-------+-------+-------++-------
Melee: War axe           |    63 |    98 |   229 |   238 ||   628
       Hand axe          |       |    30 |       |       ||    30
Invok: Heroism           |       |       |     2 |     2 ||     4
 Abil: Dig               |       |       |     1 |     2 ||     3
  Use: Scroll            |       |       |    10 |     9 ||    19
       Potion            |       |       |       |     6 ||     6
Armor: Scale mail        |    33 |    53 |   103 |   135 ||   324
Dodge: Dodged            |    37 |    42 |   111 |   122 ||   312
Block: Buckler           |    21 |    21 |    62 |    62 ||   166
